 Dungeon Crawl Stone Soup version 0.29-a0-492-g10b964d8d7 (console) character file.

Game seed: 10678138965306120833

553 Banquo the Magician (level 7, -6/50 HPs)
             Began as a Djinni Hedge Wizard on May 26, 2022.
             Mangled by an ice beast (18 damage)
             ... on level 5 of the Dungeon on May 27, 2022.
             The game lasted 00:19:53 (6146 turns).

Banquo the Magician (Djinni Hedge Wizard)           Turns: 6146, Time: 00:19:54

Health: -6/50      AC:  3    Str: 15    XL:     7   Next: 55%
Gold:   238        EV: 12    Int: 17    God:
                   SH:  0    Dex: 15

rFire   + + .      SeeInvis .   b - +3 long sword {freeze, Dex+2}
rCold   x . .      Faith    .   (no shield)
rNeg    . . .      Spirit   .   d - +1 robe {Will+}
rPois   ∞          Reflect  .   c - +0 hat
rElec   .          Harm     .   (no cloak)
rCorr   .          Rampage  .   (no gloves)
Will    +....                   (boots unavailable)
Stlth   ++........              (no amulet)
HPRegen 0.16/turn               j - ring of wizardry
MPRegen 0.00/turn               A - +6 ring of strength

@: flying
A: sickness immunity, fire resistance 2, cold vulnerability 1, float, innate
caster, HP casting, extra vitality 1
a: no special abilities


You were on level 5 of the Dungeon.
You visited 1 branch of the dungeon, and saw 5 of its levels.

You collected 238 gold pieces.

Inventory:

Hand Weapons
 a - a +1 rapier of speed
 b - the +3 long sword of a Million Wonders (weapon) {freeze, Dex+2}
   (You took it off an orc on level 3 of the Dungeon)

   It freezes those it strikes, dealing additional cold damage.
   It can also slow down cold-blooded creatures.
   Dex:       It affects your dexterity (+2).
 f - a +0 dagger
Missiles
 i - 85 stones
 z - 2 javelins
Armour
 c - a +0 hat (worn)
 d - a +1 robe of willpower (worn)
 t - a +0 robe
Jewellery
 j - a ring of wizardry (left hand)
 A - a +6 ring of strength (right hand)
Wands
 v - a wand of digging (2)
 E - a wand of iceblast (11)
Scrolls
 e - 2 scrolls of noise {unknown}
 h - 4 scrolls of teleportation {unknown}
 l - a scroll of poison {unknown}
 n - a scroll of immolation {unknown}
 p - a scroll of enchant armour {unknown}
 r - 3 scrolls of identify
 u - a scroll of fog {unknown}
 x - 2 scrolls of magic mapping {unknown}
 y - a scroll of fear {unknown}
 C - a scroll of amnesia {unknown}
Potions
 k - 3 potions of curing
 q - 3 potions of haste
 s - 2 potions of mutation
 w - a potion of lignification
 B - 2 potions of brilliance
 D - a potion of invisibility


   Skills:
 * Level 3.2 Fighting
 - Level 2.1 Dodging
 - Level 1.5 Stealth
 + Level 5.6 Spellcasting


You couldn't memorise any spells.
You knew the following spells:

 Your Spells              Type           Power      Damage    Failure   Level
a - Magic Dart            Conj           96%        1d7       1%          1
b - Poisonous Vapours     Pois/Air       48%        N/A       1%          2
c - Mephitic Cloud        Conj/Pois/Air  24%        N/A       1%          3
d - Wereblood             Tmut           24%        N/A       1%          2
f - Conjure Flame         Conj/Fire      24%        6-21      1%          3
i - Call Imp              Summ           24%        N/A       1%          2
s - Slow                  Hex            96%        N/A       1%          1
z - Freeze                Ice            96%        1d11      1%          1
B - Blink                 Tloc           48%        N/A       1%          2
Your spell library was empty.

Dungeon Overview and Level Annotations

Branches:
Dungeon (5/15)
 Temple: D:4-7

Altars:


Innate Abilities, Weirdness & Mutations

You are immune to sickness and miasma.
You are immune to poison.
Your flesh is very heat resistant. (rF++)
You are vulnerable to cold. (rC-)
You float through the air rather than walking.
You learn spells naturally, not from books.
Your magical power is your life essence.
You have superior vitality. (+4 MHP)


Message History

Confirm with . or Enter, or press ? or * to list all spells.
A beastly little devil appears in a puff of flame.
The ice beast hits your crimson imp. The ice beast freezes your crimson imp!
Your crimson imp is frozen!
Your crimson imp dies!
Your crimson imp disappears in a puff of smoke!
Casting: Call Imp (safe; 1% risk of failure)
Confirm with . or Enter, or press ? or * to list all spells.
A beastly little devil appears in a puff of flame.
Casting: Call Imp (safe; 1% risk of failure)
Confirm with . or Enter, or press ? or * to list all spells.
Aiming: Magic Dart (safe; 1% risk of failure)
Press: ? - help, Shift-Dir - straight line, f - ice beast
Aim: an ice beast (ally target, 100% to hit)
The magic dart hits the ice beast but does no damage.
The ice beast hits you but does no damage.
Your crimson imp barely misses the ice beast.
Unknown command.
Casting: Magic Dart (safe; 1% risk of failure)
Confirm with . or Enter, or press ? or * to list all spells.
Aiming: Magic Dart (safe; 1% risk of failure)
Press: ? - help, Shift-Dir - straight line, f/p - ice beast
Aim: an ice beast (ally target, 100% to hit)
The magic dart hits the ice beast.
The ice beast is lightly wounded.
The ice beast hits you. The ice beast freezes you!
You feel a terrible chill!
Your crimson imp hits the ice beast but does no damage.
Your crimson imp closely misses the ice beast.
Things that are here:
a +0 giant club; an ogre corpse The ice beast attacks as you move away!
The ice beast hits you but does no damage.
The ice beast attacks as you move away! The ice beast hits you.
The ice beast freezes you!
You feel a terrible chill!
* * * LOW HITPOINT WARNING * * *
The ice beast attacks as you move away! The ice beast barely misses you.
The ice beast attacks as you move away! The ice beast hits you.
* * * LOW HITPOINT WARNING * * *
The ice beast freezes you!!
You feel a terrible chill!
You die...

##. ##.##...#
.#...#...#...#
...⌠...⌠.....# .
.#...#...#..##
##.. ##. ##.###)#
..... #.
#...#..#######...
..
#.⌠$##..........
.
#...##...###.#.#
######...5Y@...#
#....#..###
#....#..#
#..<###.# #...#
.# #...# .# #####
.# .#


You could see an ice beast (ally target) and a friendly crimson imp (summoned).

Vanquished Creatures
  2 ogres
  A scorpion (D:4)
  A hound (D:4)
  Jessica (D:3)
  3 iguanas
  4 gnolls (D:4)
  6 adders
  A worm (D:2)
  2 dart slugs
  11 orcs
  9 ball pythons
  7 bats
  8 endoplasms
  4 giant cockroaches
  8 goblins
  4 hobgoblins
  5 kobolds
  5 quokkas
  3 frilled lizards (D:1)
  7 rats
92 creatures vanquished.

Notes
Turn   | Place    | Note
-------+----------+-------------------------------------------
     0 | D:1      | Banquo the Djinni Hedge Wizard began the quest for the Orb.
     0 | D:1      | Reached XP level 1. HP: 15/15 MP: 0/0
   323 | D:1      | Reached XP level 2. HP: 9/22 MP: 0/0
  1129 | D:1      | Reached skill level 3 in Spellcasting
  1277 | D:1      | Reached XP level 3. HP: 25/26 MP: 0/0
  1277 | D:1      | Learned a level 1 spell: Freeze
  1291 | D:1      | Reached skill level 1 in Fighting
  1523 | D:1      | Found a faded altar of an unknown god.
  1711 | D:1      | Upgraded the game from 0.29-a0-486-ga88943ba61 to
                  | 0.29-a0-492-g10b964d8d7
  2184 | D:2      | Reached XP level 4. HP: 28/32 MP: 0/0
  3222 | D:3      | Identified the +3 long sword of a Million Wonders {freeze,
                  | Dex+2}
  3228 | D:3      | Noticed Jessica
  3345 | D:3      | Killed Jessica
  3346 | D:3      | Reached XP level 5. HP: 25/38 MP: 0/0
  3346 | D:3      | Learned a level 2 spell: Poisonous Vapours
  3588 | D:3      | Reached skill level 4 in Spellcasting
  4075 | D:4      | Noticed an ogre
  4399 | D:4      | Reached XP level 6. HP: 33/45 MP: 0/0
  4929 | D:4      | Killed an ogre
  4930 | D:4      | Reached skill level 5 in Spellcasting
  4930 | D:4      | Reached XP level 7. HP: 27/49 MP: 0/0
  4930 | D:4      | Learned a level 2 spell: Wereblood
  5931 | D:5      | Entered Level 5 of the Dungeon
  6146 | D:5      | Mangled by an ice beast

Illustrated notes

Levels and vault maps discovered:
D:1:      amcnicky_arrival_abandoned_market, layout_loops_corners,
          shapermc_ecumenical_altar_gd
D:2:      layout_rooms, serial_bayou_crossing
D:3:      layout_rooms, uniq_jessica
D:4:      layout_basic
D:5:      cheibrodos_thug_alley, layout_basic, marbit_many_paths,
          minmay_temple_entry_nine_rooms, nicolae_shop_overcharged_wands

Skill      XL: |  1  2  3  4  5  6  7 |
---------------+----------------------+-----
Spellcasting   | 3 4 5 |  5.6
Fighting       | 1 2 3 |  3.2
Dodging        | |  2.1
Stealth        | |  1.5

Action                   |  1- 3 |  4- 6 |  7- 9 || total
-------------------------+-------+-------+-------++-------
Melee: Rapier            |       |     3 |       ||     3
       Long sword        |       |     9 |     5 ||    14
 Cast: Magic Dart        |    74 |   103 |    33 ||   210
       Freeze            |       |     7 |     2 ||     9
       Mephitic Cloud    |       |     7 |     2 ||     9
       Poisonous Vapours |       |    37 |     8 ||    45
       Conjure Flame     |       |     4 |     1 ||     5
       Call Imp          |       |       |     2 ||     2
  Use: Scroll            |       |       |     8 ||     8
 Stab: Confused          |       |     1 |       ||     1
Armor: Robe              |     1 |     5 |     5 ||    11
Dodge: Dodged            |     4 |    16 |     6 ||    26

Table legend: (Time is in decaauts)
 A = Elapsed time spent in this place.
 B = Non-inter-level travel time spent in this place.
 C = Inter-level travel time spent in this place.
 D = Time resting spent in this place.
 E = Time spent auto-exploring this place.
 F = Levels seen in this place.
 G = Mean time per level.
                   A        B        C        D        E       F      G
               +--------+--------+--------+--------+--------+-----+--------+
         Total |   6153 |   5711 |    442 |   1004 |   3835 |   5 | 1230.6 |
       Dungeon |   6153 |   5711 |    442 |   1004 |   3835 |   5 | 1230.6 |
               +--------+--------+--------+--------+--------+-----+--------+

Top non-repeatable levels by time:
     D:4: 1810 daAuts
     D:1: 1794 daAuts
     D:2: 1345 daAuts
     D:3: 1085 daAuts
     D:5: 118 daAuts
